 Dungeon Sprint DCSS version 0.25-a0-67-g7dccc1b (webtiles) character file.

Game seed: 1144227079365310788, levelgen mode: deterministic

117998533 schets the Conqueror (level 24, 149/158 HPs)
             Began as a Vine Stalker Fighter on Nov 2, 2019.
             Was a Follower of Uskayaw.
             Escaped with the Orb
             ... and 17 runes!
             The game lasted 00:36:39 (15464 turns).

schets the Conqueror (Vine Stalker Fighter)        Turns: 15464, Time: 00:36:40

Health: 149/158    AC: 34    Str: 28    XL:     24   Next: 26%
Magic:  46/46      EV: 24    Int:  8    God:    Uskayaw [*.....]
Gold:   1663       SH: 38    Dex: 20    Spells: 59/59 levels left

rFire    + + .     SeeInvis .   L - +2 double sword (holy)
rCold    + + +     Gourm    .   u - +10 large shield of Ignorance {rN+ Int-4}
rNeg     + + +     Faith    .   e - +0 gold dragon scales
rPois    +         Spirit   +   v - +0 hat {MR+}
rElec    +         Reflect  .   l - +1 cloak
rCorr    .         Harm     .   r - +0 pair of gloves
MR       ++++.     NoTele   +   a - +0 pair of boots
Stlth    +.........             O - amulet of Buho {+Blink +Rage rC+}
HPRegen  1.16/turn              N - ring "Esho" {rElec rC+ Dex+3 Slay+3}
MPRegen  0.30/turn              P - ring "Innig" {rElec rF+ rN++ Int+4 Stlth-}

@: no status effects
A: fangs 3, regeneration 2, magic shield, antimagic bite, no potion heal 3, rot
immunity
0: Orb of Zot
}: 17/17 runes: decaying, serpentine, barnacled, slimy, elven, silver, golden,
iron, obsidian, icy, bone, abyssal, glowing, magical, fiery, dark, gossamer
a: Stomp, Renounce Religion, Evoke Blink, Evoke Berserk Rage


You escaped.
You worshipped Uskayaw.
Uskayaw was exalted by your worship.
You were not hungry.

You visited 1 branch You collected 1942 gold pieces.
You spent 279 gold pieces at shops.

Inventory:

Hand Weapons
 p - a +9 rapier of electrocution
 L - a +2 double sword of holy wrath (weapon)
Missiles
 h - 21 silver javelins (quivered)
 E - 3 curare-tipped darts
Armour
 a - a +0 pair of boots (worn)
 e - +0 gold dragon scales (worn)
 l - a +1 cloak (worn)
 r - a +0 pair of gloves (worn)
 s - a +1 helmet
 u - the +10 large shield of Ignorance (worn) {rN+ Int-4}
   (You found it in the Dungeon)

   It affects your intelligence (-4).
   It protects you from negative energy.
 v - a +0 hat of magic resistance (worn)
 I - a +1 large shield
Jewellery
 F - an uncursed ring of see invisible
 G - an uncursed ring of protection from magic
 H - an uncursed ring of protection from cold
 N - the ring "Esho" (left hand) {rElec rC+ Dex+3 Slay+3}
   (You found it in the Dungeon)

   [ring of slaying]

   It affects your dexterity (+3).
   It affects your accuracy and damage with ranged weapons and melee attacks
   (+3).
   It protects you from cold.
   It insulates you from electricity.
 O - the amulet of Buho (around neck) {+Blink +Rage rC+}
   (You found it in the Dungeon)

   [amulet of rage]

   It protects you from cold.
   It lets you blink.
   It lets you go berserk.
 P - the ring "Innig" (right hand) {rElec rF+ rN++ Int+4 Stlth-}
   (You found it in the Dungeon)

   [ring of attention]

   It affects your intelligence (+4).
   It protects you from fire.
   It insulates you from electricity.
   It greatly protects you from negative energy.
   It makes you less stealthy.
 Q - the ring "Ymaigusa" {+Blink Dex+3 Slay+5}
   (You found it in the Dungeon)

   [ring of dexterity]

   It affects your dexterity (+3).
   It affects your accuracy and damage with ranged weapons and melee attacks
   (+5).
   It lets you blink.
Wands
 o - a wand of acid (2)
Scrolls
 c - a scroll of fog
 k - a scroll of blinking
 m - 7 scrolls of remove curse
 n - 2 scrolls of amnesia
 y - 7 scrolls of enchant armour
 A - 6 scrolls of identify
 B - 5 scrolls of fear
 D - a scroll of brand weapon
Potions
 b - a potion of brilliance
 d - 3 potions of might
 g - 25 potions of heal wounds
 i - 4 potions of magic
 j - 4 potions of curing
 t - 4 potions of haste
 z - a potion of mutation
 J - 2 potions of agility
 K - 3 potions of berserk rage
Miscellaneous
 q - a lightning rod (4/4)
 w - the horn of Geryon
 x - a phial of floods
Comestibles
 f - 4 rations


   Skills:
 O Level 27 Fighting
 + Level 20.8(22.0) Short Blades
 - Level 13.8(18.8) Long Blades
 O Level 27 Throwing
 O Level 27 Armour
 O Level 27 Dodging
 O Level 27 Stealth
 O Level 27 Shields
 + Level 18.2 Unarmed Combat
 + Level 18.2 Spellcasting
 O Level 27 Invocations
 O Level 27 Evocations


You had 59 spell levels left.
You didn't know any spells.
Your spell library contained the following spells:

 Spells                   Type           Power        Failure   Level  Hunger
 Shock                    Conj/Air       #...         36%         1    None
 Swiftness                Chrm/Air       #.......     52%         2    None
 Static Discharge         Conj/Air       #.......     75%         3    #......
 Airstrike                Air            #.........   98%         4    ###....
 Lightning Bolt           Conj/Air       #.........   100%        5    #####..


Dungeon Overview and Level Annotations

Branches:
Dungeon (1/1)

Altars:
Cheibriados
Dithmenos
Elyvilon
Fedhas
Gozag
Hepliaklqana
Kikubaaqudgha
Makhleb
Nemelex Xobeh
Okawaru
Qazlal
Ru
Sif Muna
Trog
Uskayaw
Vehumet
Wu Jian
Xom
Yredelemnul
Zin
The Shining One
Beogh
Jiyva
Lugonu

Shops:
D [:?(


Innate Abilities, Weirdness & Mutations

You have razor-sharp teeth.
You heal very quickly.
When hurt, damage is shared between your health and your magic reserves.
Your bite disrupts and absorbs the magic of your enemies.
Potions cannot restore your health.
You are immune to rotting.


Message History

There is a sacrificial altar of Ru here.
There is a stormy altar of Qazlal here.
There is an iron altar of Okawaru here.
There is a sparkling altar of Nemelex Xobeh here.
There is a burning altar of Makhleb here.
There is a corrupted altar of Lugonu here.
There is an ancient bone altar of Kikubaaqudgha here.
There is a hazy altar of Hepliaklqana here.
There is an opulent altar of Gozag here.
There is a blossoming altar of Fedhas here.
There is a white marble altar of Elyvilon here.
There is a shadowy altar of Dithmenos here.
There is a snail-covered altar of Cheibriados here.
There is a roughly hewn altar of Beogh here.
There is an open door to the Temple here.
There is an open door here.
There is an open door to the Dungeon here.
You see here a cursed -2 club.
There is a staircase leading out of the dungeon here.
You have escaped!

▓▓▓▓▓▓▓▓▓▓▓▓▓▓▓▓▓▓
▓@▓...▓...▓...▓...
▓.▓.▓.▓.▓.▓.▓.▓.▓.
▓.▓.▓.▓.▓.▓.▓.▓.▓.
▓.▓.▓.▓.▓.▓.▓.▓.▓.
▓)▓.▓.▓.▓.▓.▓.▓.▓.
▓.▓.▓.▓.▓.▓.▓.▓.▓.
▓.▓.▓.▓.▓.▓.▓.▓.▓.
▓.▓.▓'▓.▓.▓.▓.▓.▓.
▓.▓.▓.▓.▓.▓.▓.▓.▓.


There were no monsters in sight!

Vanquished Creatures
  Cerebov (D)
  Antaeus (D)
  Asmodeus (D)
  the Royal Jelly (D)
  Ereshkigal (D)
  Gloorx Vloq (D)
  Mnoleg (D)
  Lom Lobon (D)
  Dispater (D)
  Mara (D)
  3 orbs of fire (D)
  3 ancient liches (D)
  6 greater mummies (D)
  Mennas (D)
  5 pandemonium lords (D)
  Sojobo (D)
  Margery (D)
  Frederick (D)
  Saint Roka (D)
  Geryon (D)
  2 curse toes (D)
  Nikola (D)
  5 golden dragons (D)
  2 Tzitzimimeh (D)
  4 tentacled monstrosities (D)
  3 electric golems (D)
  2 Ice Fiends (D)
  A Hell Sentinel (D)
  Rupert (D)
  5 liches (D)
  A titan (D)
  37 Orb Guardians (D)
  2 deep elf blademasters (D)
  A quicksilver dragon (D)
  4 acid blobs (D)
  2 deep elf master archers (D)
  12 sphinxes (D)
  Agnes (D)
  7 shadow dragons (D)
  2 tengu reavers (D)
  3 death cobs (D)
  3 storm dragons (D)
  Ilsuiw (D)
  6 azure jellies (D)
  6 nagarajas (D)
  2 draconian monks (D)
  Donald (D)
  2 fire giants (D)
  A deep elf sorcerer (D)
  2 vault wardens (D)
  3 ghost moths (D)
  A draconian scorcher (D)
  A draconian knight (D)
  A cacodemon (D)
  5 emperor scorpions (D)
  Louise (D)
  6 ironheart preservers (D)
  A reaper (D)
  3 draconian shifters (D)
  5 very ugly things (D)
  3 stone giants (D)
  5 black draconians (D)
  An entropy weaver (D)
  A draconian stormcaller (D)
  A draconian annihilator (D)
  8 vampire knights (D)
  4 green draconians (D)
  3 purple draconians (D)
  Nessos (D)
  A deep elf annihilator (D)
  2 white draconians (D)
  2 yellow draconians (D)
  3 merfolk javelineers (D)
  6 red draconians (D)
  4 deep elf death magi (D)
  An ettin (D)
  A green death (D)
  7 death oozes (D)
  4 mummy priests (D)
  8 merfolk impalers (D)
  A rakshasa (D)
  4 fire dragons (D)
  4 deep elf high priests (D)
  2 yaktaur captains (D)
  25 vault guards (D)
  4 great orbs of eyes (D)
  A monstrous demonspawn (D)
  2 naga warriors (D)
  4 ice dragons (D)
  An ogre mage (D)
  3 anacondas (D)
  2 merfolk aquamancers (D)
  6 hydras (D)
  A spriggan air mage (D)
  An alligator (D)
  2 two-headed ogres (D)
  A deep troll earth mage (D)
  11 hell hogs (D)
  2 deep troll shamans (D)
  A shock serpent (D)
  2 spriggan berserkers (D)
  An orc high priest (D)
  3 soul eaters (D)
  12 spriggans (D)
  Nergalle (D)
  A sun demon (D)
  A wretched star (D)
  6 hell knights (D)
  2 infernal demonspawn (D)
  2 shadow demons (D)
  3 small abominations (D)
  2 unseen horrors (D)
  4 ironbrand convokers (D)
  6 swamp dragons (D)
  A harpy (shapeshifter) (D)
  5 orc knights (D)
  A wizard (D)
  2 deep elf archers (D)
  A harpy (D)
  An orb spider (D)
  3 wolf spiders (D)
  2 ugly things (D)
  2 deep elf magi (D)
  A moth of wrath (shapeshifter) (D)
  4 orc sorcerers (D)
  A manticore (D)
  8 moths of wrath (D)
  2 water nymphs (D)
  3 black mambas (D)
  2 rust devils (D)
  2 guardian serpents (D)
  4 naga magi (D)
  5 spiny frogs (D)
  A vault sentinel (D)
  An efreet (D)
  4 hellions (D)
  3 freezing wraiths (D)
  3 demonic crawlers (D)
  3 komodo dragons (D)
  5 yaktaurs (D)
  A tormentor (D)
  A wandering mushroom (D)
  2 red devils (D)
  18 guardian mummies (D)
  2 hellwings (D)
  A tengu conjurer (D)
  A meliai (shapeshifter) (D)
  A polar bear (D)
  3 merfolk (D)
  3 jumping spiders (D)
  2 tyrant leeches (D)
  2 hornets (D)
  A blink frog (D)
  A bog body (D)
  2 slime creatures (D)
  A hippogriff (D)
  A water elemental (D)
  A tarantella (shapeshifter) (D)
  2 tarantellas (D)
  3 ynoxinuls (D)
  5 redbacks (D)
  3 yaks (D)
  9 golden eyes (D)
  A vampire mosquito (D)
  A naga (D)
  Grum (D)
  2 large abominations (D)
  2 wargs (D)
  2 acid dragons (D)
  2 water moccasins (D)
  2 floating eyes (D)
  2 porcupines (D)
  3 hell hounds (D)
  13 orc warriors (D)
  2 swamp drakes (D)
  A sky beast (D)
  An ice beast (D)
  An ogre (D)
  8 wolves (D)
  A crocodile (D)
  3 bullfrogs (D)
  A crimson imp (D)
  A hound (D)
  A jelly (D)
  4 orc priests (D)
  10 orc wizards (D)
  3 worker ants (D)
  An adder (D)
  2 shadow imps (D)
  A white imp (D)
  An adder skeleton (D)
  A leopard gecko (D)
  8 orcs (D)
  A bat zombie (D)
  A hobgoblin (D)
  A jackal (D)
  A quokka (D)
  A ball python simulacrum (D)
  A frilled lizard (D)
  A leopard gecko skeleton (D)
  2 quokka skeletons (D)
  A rat (D)
  3 crawling corpses (D)
  2 fire vortices (D)
  A lurking horror (D)
606 creatures vanquished.

Vanquished Creatures (collateral kills)
  Sonja (D)
  An orc sorcerer (D)
  Psyche (D)
  An orc wizard (D)
4 creatures vanquished.

Vanquished Creatures (others)
  A ball lightning (D)
1 creature vanquished.

Grand Total: 611 creatures vanquished

Notes
Turn   | Place    | Note
-------+----------+-------------------------------------------
     0 | D        | schets the Vine Stalker Fighter began the quest for the
                  | Orb.
     0 | D        | Reached XP level 1. HP: 11/11 MP: 2/2
   107 | D        | Noticed a worker ant
   107 | D        | Noticed a worker ant
   107 | D        | Noticed a jelly
   117 | D        | Killed a worker ant
   117 | D        | Reached skill level 1 in Dodging
   117 | D        | Reached XP level 2. HP: 9/17 MP: 3/3
   117 | D        | Reached XP level 3. HP: 12/21 MP: 4/4
   120 | D        | Gained mutation: Your natural rate of healing is unusually
                  | fast. [Vine Stalker growth]
   120 | D        | Reached XP level 4. HP: 15/26 MP: 5/5
   164 | D        | Found a roughly hewn altar of Beogh.
   164 | D        | Found a snail-covered altar of Cheibriados.
   164 | D        | Found a shadowy altar of Dithmenos.
   164 | D        | Found a white marble altar of Elyvilon.
   164 | D        | Found a blossoming altar of Fedhas.
   164 | D        | Found an opulent altar of Gozag.
   165 | D        | Found a hazy altar of Hepliaklqana.
   166 | D        | Found a viscous altar of Jiyva.
   167 | D        | Found an ancient bone altar of Kikubaaqudgha.
   168 | D        | Found a corrupted altar of Lugonu.
   169 | D        | Found a burning altar of Makhleb.
   170 | D        | Found a sparkling altar of Nemelex Xobeh.
   171 | D        | Found an iron altar of Okawaru.
   172 | D        | Found a stormy altar of Qazlal.
   173 | D        | Found a sacrificial altar of Ru.
   174 | D        | Found a shimmering blue altar of Sif Muna.
   175 | D        | Found a bloodstained altar of Trog.
   176 | D        | Found a hide-covered altar of Uskayaw.
   177 | D        | Found a radiant altar of Vehumet.
   178 | D        | Found an ornate altar of the Wu Jian Council.
   179 | D        | Found a shimmering altar of Xom.
   180 | D        | Found a basalt altar of Yredelemnul.
   181 | D        | Found a glowing silver altar of Zin.
   182 | D        | Found a glowing golden altar of the Shining One.
   184 | D        | Became a worshipper of Uskayaw the Reveler
   245 | D        | Noticed a sky beast
   245 | D        | Noticed an ogre
   247 | D        | Reached * piety under Uskayaw
   249 | D        | Reached skill level 5 in Fighting
   249 | D        | Reached skill level 1 in Invocations
   249 | D        | Reached ** piety under Uskayaw
   253 | D        | Reached skill level 5 in Short Blades
   253 | D        | Reached XP level 5. HP: 28/30 MP: 4/7
   253 | D        | Reached *** piety under Uskayaw
   268 | D        | Killed a sky beast
   268 | D        | Reached XP level 6. HP: 9/36 MP: 1/9
   269 | D        | Reached **** piety under Uskayaw
   270 | D        | Reached skill level 5 in Shields
   442 | D        | Noticed an efreet
   442 | D        | Noticed an orc warrior
   442 | D        | Noticed a seven-headed hydra
   442 | D        | Noticed a slime creature
   444 | D        | Reached skill level 5 in Invocations
   448 | D        | Killed a seven-headed hydra
   448 | D        | Reached skill level 5 in Armour
   448 | D        | Reached XP level 7. HP: 42/42 MP: 10/12
   448 | D        | Killed an efreet
   448 | D        | Gained mutation: You have razor-sharp teeth. [Vine Stalker
                  | growth]
   448 | D        | Reached XP level 8. HP: 47/47 MP: 10/14
   448 | D        | Reached ***** piety under Uskayaw
   450 | D        | Killed a slime creature
   455 | D        | Reached skill level 5 in Dodging
   605 | D        | Noticed a yak
   605 | D        | Noticed a komodo dragon
   605 | D        | Noticed a yak
   605 | D        | Noticed a yak
   610 | D        | Killed a yak
   612 | D        | Noticed a hippogriff
   613 | D        | Noticed a polar bear
   617 | D        | Killed a yak
   617 | D        | Killed a yak
   617 | D        | Reached XP level 9. HP: 29/53 MP: 9/16
   617 | D        | Killed a komodo dragon
   629 | D        | Killed a polar bear
   791 | D        | Noticed a spiny frog
   791 | D        | Noticed a spiny frog
   793 | D        | Noticed a komodo dragon
   796 | D        | Killed a spiny frog
   796 | D        | Reached skill level 10 in Fighting
   800 | D        | Reached skill level 10 in Short Blades
   949 | D        | Noticed a komodo dragon
   957 | D        | Killed a spiny frog
   957 | D        | Reached skill level 10 in Invocations
   957 | D        | Reached XP level 10. HP: 45/60 MP: 14/18
  1276 | D        | Noticed Sonja
  1279 | D        | Killed Sonja
  1446 | D        | Noticed an orc high priest
  1461 | D        | Killed an orc high priest
  1464 | D        | Noticed an orc knight
  1466 | D        | Reached XP level 11. HP: 66/66 MP: 20/20
  1471 | D        | Killed an orc knight
  1518 | D        | Found Puoshran's Antique Armour Emporium.
  1518 | D        | Noticed an orc sorcerer
  1525 | D        | Noticed a sixfirhy
  1535 | D        | Noticed an orc sorcerer
  1536 | D        | Killed an orc sorcerer
  1538 | D        | Noticed an orc sorcerer
  1545 | D        | Noticed a sun demon
  1550 | D        | Noticed an orc sorcerer
  1555 | D        | Killed an orc sorcerer
  1555 | D        | Killed an orc sorcerer
  1569 | D        | Killed an orc sorcerer
  1577 | D        | Noticed an orc sorcerer
  1584 | D        | Killed an orc sorcerer
  1584 | D        | Reached skill level 1 in Evocations
  1590 | D        | Found Ycot's Book Shoppe.
  1594 | D        | Found Gihots's Magic Scroll Emporium.
  1596 | D        | Found Sucoet's Weapon Shoppe.
  1842 | D        | Bought a scroll of identify for 28 gold pieces
  1842 | D        | Bought a scroll of fear for 49 gold pieces
  1846 | D        | Bought an embroidered cloak for 202 gold pieces
  1918 | D        | Noticed Grum
  1925 | D        | Killed Grum
  2077 | D        | Noticed a two-headed ogre
  2077 | D        | Noticed a two-headed ogre
  2077 | D        | Noticed a deep elf mage
  2081 | D        | Killed a two-headed ogre
  2082 | D        | Killed a two-headed ogre
  2093 | D        | Noticed a moth of wrath
  2101 | D        | Killed a deep elf mage
  2110 | D        | Killed a moth of wrath
  2164 | D        | Noticed a white very ugly thing
  2165 | D        | Noticed an ogre mage
  2166 | D        | Noticed a deep troll shaman
  2221 | D        | Killed a white very ugly thing
  2221 | D        | Gained mutation: You heal very quickly. [Vine Stalker
                  | growth]
  2221 | D        | Reached XP level 12. HP: 73/73 MP: 22/22
  2225 | D        | Killed an ogre mage
  2225 | D        | Reached skill level 1 in Stealth
  2234 | D        | Killed a deep troll shaman
  2234 | D        | Reached skill level 10 in Shields
  2234 | D        | Reached ****** piety under Uskayaw
  2332 | D        | Noticed Psyche
  2343 | D        | Killed Psyche
  2363 | D        | Noticed Donald
  2373 | D        | HP: 3/73 [Donald/+0 scimitar of electrocution (12)]
  2440 | D        | HP: 2/73 [Donald/+0 scimitar of electrocution (10)]
  2441 | D        | Killed Donald
  2653 | D        | Noticed Saint Roka
  2659 | D        | Noticed Nessos
  2676 | D        | Killed Saint Roka
  2676 | D        | Reached skill level 5 in Stealth
  2676 | D        | Reached skill level 5 in Evocations
  2677 | D        | Killed Nessos
  2859 | D        | Noticed an anaconda
  2859 | D        | Noticed a naga warrior
  2859 | D        | Noticed an anaconda
  2859 | D        | Noticed an anaconda
  2861 | D        | Noticed a shock serpent
  2866 | D        | Killed an anaconda
  2867 | D        | Noticed a naga warrior
  2875 | D        | Killed an anaconda
  2875 | D        | Reached XP level 13. HP: 79/79 MP: 22/24
  2881 | D        | Reached skill level 10 in Armour
  2900 | D        | Reached skill level 15 in Invocations
  3011 | D        | Noticed a ghost moth
  3022 | D        | Killed a ghost moth
  3024 | D        | Reached skill level 10 in Dodging
  3046 | D        | Reached skill level 15 in Fighting
  3281 | D        | Noticed a merfolk impaler
  3301 | D        | Killed a merfolk impaler
  3462 | D        | Noticed Rupert
  3464 | D        | Noticed Agnes
  3475 | D        | Killed Rupert
  3475 | D        | Reached skill level 10 in Stealth
  3477 | D        | Killed Agnes
  3477 | D        | Reached XP level 14. HP: 86/86 MP: 27/27
  3536 | D        | Noticed a fire giant
  3536 | D        | Noticed a white very ugly thing
  3542 | D        | Noticed a golden dragon
  3551 | D        | Killed a fire giant
  3553 | D        | Killed a white very ugly thing
  3709 | D        | Killed a golden dragon
  3965 | D        | Noticed a cyan very ugly thing
  3966 | D        | Noticed a red very ugly thing
  3985 | D        | Killed a white very ugly thing
  3987 | D        | Killed a cyan very ugly thing
  3990 | D        | Paralysed by a great orb of eyes for 3 turns
  4152 | D        | Noticed an ironheart preserver
  4165 | D        | Killed an ironheart preserver
  4165 | D        | Reached skill level 10 in Evocations
  4177 | D        | Noticed a purple very ugly thing
  4190 | D        | Killed a purple very ugly thing
  4195 | D        | Noticed an entropy weaver
  4196 | D        | Noticed a vault warden
  4198 | D        | Noticed a fire giant
  4200 | D        | Noticed an ironheart preserver
  4202 | D        | Noticed an ironheart preserver
  4214 | D        | Reached XP level 15. HP: 93/95 MP: 28/28
  4243 | D        | Killed a vault warden
  4261 | D        | Killed a fire giant
  4265 | D        | Killed a ghostly vault warden
  4310 | D        | Noticed a tengu reaver
  4310 | D        | Noticed Sojobo
  4312 | D        | Noticed a tengu reaver
  4321 | D        | Killed a tengu reaver
  4343 | D        | Killed a tengu reaver
  4359 | D        | Killed Sojobo
  4717 | D        | Found the +10 large shield of Ignorance {rN+ Int-4}
  4836 | D        | Noticed Louise
  4837 | D        | Noticed Frederick
  4839 | D        | Noticed Mennas
  4848 | D        | Killed Louise
  4854 | D        | Killed Frederick
  4854 | D        | Reached skill level 15 in Stealth
  4871 | D        | Killed Mennas
  5020 | D        | Noticed Nergalle
  5032 | D        | Killed Nergalle
  5032 | D        | Reached skill level 15 in Shields
  5057 | D        | Noticed a nagaraja
  5057 | D        | Noticed a nagaraja
  5058 | D        | Noticed a nagaraja
  5067 | D        | Killed a nagaraja
  5069 | D        | Noticed a nagaraja
  5074 | D        | Killed a nagaraja
  5075 | D        | Noticed a nagaraja
  5076 | D        | Noticed a nagaraja
  5087 | D        | Killed a nagaraja
  5087 | D        | Reached XP level 16. HP: 92/105 MP: 28/30
  5097 | D        | Killed a nagaraja
  5105 | D        | Killed a nagaraja
  5116 | D        | Killed a nagaraja
  5204 | D        | Got a gossamer rune of Zot
  5218 | D        | Reached skill level 15 in Armour
  5247 | D        | Reached skill level 15 in Dodging
  5254 | D        | Got a decaying rune of Zot
  5262 | D        | Noticed Ilsuiw
  5282 | D        | Killed Ilsuiw
  5319 | D        | Got a barnacled rune of Zot
  5354 | D        | Noticed Mara
  5368 | D        | Killed Mara
  5375 | D        | Noticed Margery
  5383 | D        | Reached XP level 17. HP: 86/113 MP: 32/32
  5384 | D        | Noticed Nikola
  5394 | D        | Killed Margery
  5418 | D        | Killed Nikola
  5719 | D        | Noticed a quicksilver dragon
  5719 | D        | Noticed a titan
  5739 | D        | Killed a quicksilver dragon
  5741 | D        | Killed a titan
  5741 | D        | Reached XP level 18. HP: 123/123 MP: 32/34
  5759 | D        | Got a silver rune of Zot
  5848 | D        | Got the ring "Esho" {rElec rC+ Dex+3 Slay+3}
  5850 | D        | Got the amulet of Buho {+Blink +Rage rC+}
  5854 | D        | Found the +0 sword of Power
  5854 | D        | Got the ring "Innig" {rElec rF+ rN++ Int+4 Stlth-}
  5856 | D        | Got the ring "Ymaigusa" {+Blink Dex+3 Slay+5}
  5858 | D        | Got the amulet of the Coward {+Blink +Rage}
  6008 | D        | Noticed a golden dragon
  6023 | D        | Killed a golden dragon
  6117 | D        | Noticed a golden dragon
  6129 | D        | Killed a golden dragon
  6129 | D        | Reached skill level 27 in Fighting
  6159 | D        | Noticed a tentacled monstrosity
  6159 | D        | Noticed a tentacled monstrosity
  6168 | D        | Killed a tentacled monstrosity
  6178 | D        | Killed a tentacled monstrosity
  6217 | D        | Noticed a curse toe
  6237 | D        | Killed a curse toe
  6237 | D        | Reached XP level 19. HP: 91/132 MP: 36/36
  6249 | D        | Noticed a tentacled monstrosity
  6265 | D        | Killed a tentacled monstrosity
  6406 | D        | Noticed a tentacled monstrosity
  6406 | D        | Noticed a golden dragon
  6416 | D        | Killed a golden dragon
  6428 | D        | Killed a tentacled monstrosity
  6449 | D        | Noticed an ancient lich
  6450 | D        | Killed an ancient lich
  6450 | D        | Reached skill level 27 in Invocations
  6453 | D        | Noticed an orb of fire
  6454 | D        | Killed an orb of fire
  6457 | D        | Noticed an electric golem
  6479 | D        | Killed an electric golem
  6479 | D        | Reached XP level 20. HP: 129/137 MP: 38/38
  6482 | D        | Noticed an electric golem
  6482 | D        | Noticed an ancient lich
  6482 | D        | Noticed a curse toe
  6488 | D        | Killed a curse toe
  6488 | D        | Noticed a golden dragon
  6488 | D        | Noticed an orb of fire
  6488 | D        | Noticed an electric golem
  6490 | D        | Noticed an orb of fire
  6503 | D        | Killed an ancient lich
  6514 | D        | Killed an orb of fire
  6518 | D        | Killed a golden dragon
  6519 | D        | Killed an electric golem
  6521 | D        | Killed an orb of fire
  6540 | D        | Killed an electric golem
  6627 | D        | Reached skill level 27 in Shields
  6892 | D        | Reached XP level 21. HP: 110/142 MP: 30/39
  6909 | D        | Noticed an ancient lich
  6941 | D        | Killed an ancient lich
  6977 | D        | Reached skill level 1 in Long Blades
  7008 | D        | Reached skill level 27 in Armour
  7010 | D        | Reached skill level 27 in Dodging
  7019 | D        | Reached skill level 5 in Long Blades
  7032 | D        | Reached skill level 10 in Long Blades
  7068 | D        | Got an elven rune of Zot
  8414 | D        | Noticed the Royal Jelly
  8417 | D        | Reached skill level 5 in Throwing
  8424 | D        | Paralysed by a floating eye for 2 turns
  8426 | D        | Killed the Royal Jelly
  8429 | D        | Reached skill level 10 in Throwing
  8608 | D        | Paralysed by a floating eye for 2 turns
  8621 | D        | Got a slimy rune of Zot
  8735 | D        | Reached skill level 15 in Evocations
  8935 | D        | Reached XP level 22. HP: 148/148 MP: 40/40
  9042 | D        | Noticed a greater mummy
  9042 | D        | Noticed a greater mummy
  9042 | D        | Noticed a greater mummy
  9042 | D        | Noticed a greater mummy
  9042 | D        | Noticed a greater mummy
  9046 | D        | HP: 4/148 [greater mummy/divine providence (11)]
  9155 | D        | Killed a greater mummy
  9155 | D        | Reached skill level 15 in Throwing
  9350 | D        | Killed a greater mummy
  9384 | D        | Killed a greater mummy
  9407 | D        | Killed a greater mummy
  9407 | D        | Killed a greater mummy
  9487 | D        | Noticed a greater mummy
  9494 | D        | Killed a greater mummy
  9537 | D        | Got a golden rune of Zot
  9561 | D        | Got an abyssal rune of Zot
  9722 | D        | Noticed Geryon
  9732 | D        | Killed Geryon
  9732 | D        | Reached skill level 27 in Stealth
  9735 | D        | Noticed Antaeus
  9735 | D        | Noticed Lom Lobon
  9735 | D        | Noticed Gloorx Vloq
 10070 | D        | Killed Lom Lobon
 10170 | D        | Killed Gloorx Vloq
 10234 | D        | Identified the +6 sword of Cerebov {flame}
 10234 | D        | Noticed Cerebov
 10286 | D        | Killed Cerebov
 10403 | D        | Killed Antaeus
 10403 | D        | Reached XP level 23. HP: 153/153 MP: 41/41
 10465 | D        | Got an icy rune of Zot
 10469 | D        | Got a magical rune of Zot
 10471 | D        | Noticed Mnoleg
 10491 | D        | Killed Mnoleg
 10540 | D        | Identified the +4 staff of Dispater
 10540 | D        | Noticed Dispater
 10570 | D        | Got a dark rune of Zot
 10573 | D        | Identified the +7 sceptre of Asmodeus
 10573 | D        | Noticed Asmodeus
 10650 | D        | Killed Dispater
 10711 | D        | Killed Asmodeus
 10719 | D        | Got a fiery rune of Zot
 10723 | D        | Got a glowing rune of Zot
 10725 | D        | Noticed Ereshkigal
 10748 | D        | Killed Ereshkigal
 10748 | D        | Reached skill level 27 in Evocations
 10750 | D        | Got an obsidian rune of Zot
 10754 | D        | Got a bone rune of Zot
 10761 | D        | Got an iron rune of Zot
 11748 | D        | Got a serpentine rune of Zot
 13634 | D        | Got the Orb of Zot
 13785 | D        | Noticed Boejet the pandemonium lord
 13794 | D        | Killed Boejet the pandemonium lord
 13794 | D        | Reached skill level 27 in Throwing
 13794 | D        | Reached skill level 1 in Unarmed Combat
 13794 | D        | Reached skill level 1 in Spellcasting
 13800 | D        | Noticed Naumiupp the pandemonium lord
 13810 | D        | Killed Naumiupp the pandemonium lord
 13810 | D        | Reached skill level 5 in Unarmed Combat
 13810 | D        | Reached skill level 5 in Spellcasting
 13901 | D        | Reached skill level 15 in Short Blades
 14257 | D        | Reached skill level 10 in Unarmed Combat
 14257 | D        | Reached skill level 10 in Spellcasting
 14540 | D        | Noticed Yvaraats the pandemonium lord
 14559 | D        | Killed Yvaraats the pandemonium lord
 14987 | D        | Reached skill level 15 in Unarmed Combat
 14987 | D        | Reached skill level 15 in Spellcasting
 14987 | D        | Reached XP level 24. HP: 158/158 MP: 42/43
 15373 | D        | Noticed Xougupuw the pandemonium lord
 15379 | D        | Noticed Ytauh the pandemonium lord
 15384 | D        | Killed Xougupuw the pandemonium lord
 15388 | D        | Killed Ytauh the pandemonium lord
 15464 | D        | Escaped with the Orb!

Levels and vault maps discovered:
D:        linesprint [early_d, line_temple, items_1, d_10, items_2, lair_1,
          lair_end, items_3, orc_1, orc_end, items_4, d_15, swamp_1, shoals_1,
          snake_1, spider_1, d_20, vaults_1, items_5, swamp_end, shoals_end,
          snake_end, spider_end, vaults_end, d_27, items_6, zot_1, zot_end,
          crypt_end, forest_end, elf_end, slime_end, tomb_end, abyss_end,
          pan_hell_end]

Skill      XL: |  1  2  3  4  5  6  7  8  9 10 11 12 13 14 15 16 17 18 19 20 21 22 23 24 |
---------------+-------------------------------------------------------------------------+-----
Fighting       | 4 5 6 7 8 9 10 11 13 14 15 18 20 22 25 27 | 27.0
Short Blades   | 3 4 5 7 9 10 11 13 14 18 20 | 20.8
Shields        | 3 4 5 6 7 8 9 10 12 13 15 17 19 21 24 27 | 27.0
Armour         | 3 4 5 6 7 8 9 11 12 14 16 18 20 22 26 27 | 27.0
Dodging        | 1 2 3 4 5 6 7 8 9 10 12 14 15 17 20 22 26 27 | 27.0
Invocations    | 2 3 6 7 8 10 11 13 14 16 17 19 20 22 24 27 | 27.0
Evocations     | 3 5 8 10 16 24 27 | 27.0
Stealth        | 6 10 12 15 22 27 | 27.0
Long Blades    | 13 | 13.8
Throwing       | 14 23 27 | 27.0
Unarmed Combat | 15 18 | 18.2
Spellcasting   | 15 18 | 18.2

Action                   |  1- 3 |  4- 6 |  7- 9 | 10-12 | 13-15 | 16-18 | 19-21 | 22-24 || total
-------------------------+-------+-------+-------+-------+-------+-------+-------+-------++-------
Melee: Rapier            |    27 |    28 |    42 |   213 |   430 |   532 |   466 |   164 ||  1902
       Bite              |     9 |     8 |    12 |    79 |   157 |   226 |   256 |   256 ||  1003
       Scimitar          |       |       |       |       |     3 |       |       |       ||     3
       Double sword      |       |       |       |       |       |       |    14 |   278 ||   292
Throw: Javelin           |       |       |       |       |       |       |       |    71 ||    71
       Dart              |       |       |       |       |       |       |       |     3 ||     3
Invok: Stomp             |       |     2 |     1 |       |       |       |       |       ||     3
       Line Pass         |       |       |     1 |       |     2 |       |       |       ||     3
       Grand Finale      |       |       |       |     2 |       |     1 |     3 |       ||     6
 Abil: Evoke Berserk Rag |       |       |       |       |       |       |     1 |       ||     1
Evoke: Wand              |       |     3 |     1 |     3 |     1 |       |       |       ||     8
       Phial of floods   |       |       |     1 |     6 |     2 |       |     1 |     1 ||    11
       Lightning rod     |       |       |       |       |       |       |     7 |       ||     7
       Horn of Geryon    |       |       |       |       |       |       |       |     1 ||     1
  Use: Potion            |     2 |       |       |     3 |     2 |       |     1 |     2 ||    10
       Scroll            |       |       |       |     2 |     1 |       |    10 |     1 ||    14
 Stab: Paralysed         |       |     2 |     3 |    18 |    31 |    43 |    37 |    29 ||   163
       Invisible         |       |       |       |     2 |       |       |       |       ||     2
       Confused          |       |       |       |       |     2 |     1 |       |       ||     3
  Eat: Chunk             |       |       |     1 |     7 |     3 |     4 |     5 |     2 ||    22
       Ration            |       |       |       |       |     2 |       |     2 |     6 ||    10
Armor: Scale mail        |     8 |       |       |       |       |       |       |       ||     8
       Plate armour      |       |    14 |     8 |    32 |    42 |       |       |       ||    96
       Gold dragon scale |       |       |       |       |    43 |    64 |    72 |    32 ||   211
Dodge: Dodged            |     6 |    10 |    13 |    24 |    54 |    49 |    71 |    57 ||   284
Block: Shield            |     8 |    10 |    14 |    33 |       |       |       |       ||    65
       Large shield      |       |       |       |    48 |   220 |   371 |   417 |   230 ||  1286
       Rpst.: Double sword |       |       |       |       |       |       |       |     8 ||     8

Table legend:
 A = Non-vault XP
 B = Vault XP
 C = Vault XP percentage of total XP
 D = Non-vault monster count
 E = Vault monster count
 F = Vault count percentage of total count
                 A         B        C        D         E       F
            +---------+---------+-------+---------+---------+-------
      Total |     970 |  760538 |  99.9 |       2 |     528 |  99.6
            +---------+---------+-------+---------+---------+-------
          D |     970 |  760538 |  99.9 |       2 |     528 |  99.6
            +---------+---------+-------+---------+---------+-------
